 Dungeon Crawl Stone Soup version 0.28.0-49-g6dfe1f597d (webtiles) character file.

Game seed: 6112017314784009672

260 Zeld the Changer (level 6, -6/38 HPs)
             Began as an Octopode Transmuter on May 15, 2022.
             Killed by nerve-wracking pain
             ... invoked by Grinder
              (14 damage)
             ... while paralysed by Grinder
             ... on level 4 of the Dungeon.
             The game lasted 00:02:40 (4214 turns).

Zeld the Changer (Octopode Transmuter)              Turns: 4214, Time: 00:02:41

Health: -6/38      AC:  1    Str: 11    XL:     6   Next: 17%
Magic:  11/11      EV:  2    Int: 15    God:
Gold:   90         SH:  0    Dex: 13    Spells: 1/11 levels left

rFire   . . .      SeeInvis .     - Unarmed
rCold   . . .      Faith    .   (no shield)
rNeg    . . .      Spirit   .   (helmet restricted)
rPois   .          Reflect  .   (no amulet)
rElec   .          Harm     .   (no ring)
rCorr   .          Rampage  .   (no ring)
Will    .....                   (no ring)
Stlth   +++.......              (no ring)
HPRegen 0.12/turn               (no ring)
MPRegen 0.12/turn               (no ring)
                                (no ring)
                                (no ring)

@: paralysed
A: almost no armour, amphibious, 8 rings, camouflage 1, gelatinous body 1,
(nimble swimmer 1), tentacles
a: no special abilities


You were on level 4 of the Dungeon.
You visited 1 branch of the dungeon, and saw 4 of its levels.

You collected 90 gold pieces.

Inventory:

Scrolls
 b - a scroll of brand weapon {unknown}
 d - a scroll of teleportation {unknown}
 f - a scroll of noise {unknown}
Potions
 a - 2 potions of curing {unknown}
 c - a potion of lignification {unknown}
 e - a potion of mutation {unknown}
 g - a potion of brilliance {unknown}


   Skills:
 - Level 1.0 Fighting
 - Level 2.0 Dodging
 + Level 2.6 Stealth
 - Level 3.0 Unarmed Combat
 * Level 3.4 Spellcasting
 * Level 3.6 Transmutations
 + Level 2.0 Ice Magic
 + Level 2.5 Poison Magic


You had one spell level left.
You knew the following spells:

 Your Spells              Type           Power      Damage    Failure   Level
a - Beastly Appendage     Tmut           26%        N/A       4%          1
b - Wereblood             Tmut           13%        N/A       6%          2
c - Spider Form           Tmut/Pois      11%        N/A       16%         3
d - Ice Form              Ice/Tmut       11%        N/A       52%         4

Your spell library contained the following spells:

 Spells                   Type           Power      Damage    Failure   Level


Dungeon Overview and Level Annotations

Branches:
Dungeon (4/15)
 Temple: D:4-7

Altars:
Fedhas

Shops:
D:1 (

Annotations:
D:3 1 runed translucent door, exclusion: oklob plant, Crazy Yiuf
D:4 Grinder


Innate Abilities, Weirdness & Mutations

You cannot wear most types of armour.
You are amphibious.
You can wear up to eight rings at the same time.
Your skin changes colour to match your surroundings (Stealth+).
Your rubbery body absorbs attacks. (AC +1, EV +1)
((You are camouflaged when in or above water. (Stealth+)))
You have tentacles for arms and can constrict up to eight enemies at once.


Message History

A bullfrog zombie comes into view.
You hear a zap.
You hear a grinding noise.
Your tentacle spike disappears.
You hear a zap.
You hear a grinding noise.
Casting: Beastly Appendage (safe; 4% risk of failure)
Confirm with . or Enter, or press ? or * to list all spells.
One of your tentacles grows a vicious spike.
You closely miss the hobgoblin. You grab the hobgoblin.
You pierce the hobgoblin.
You squeeze the hobgoblin.
You kill the hobgoblin!
You see here a hobgoblin corpse.
Grinder is nearby!
Grinder is nearby!
Grinder gestures at you.
You suddenly lose the ability to move!
Your transformation is almost over.
Grinder gestures at you. Pain shoots through your body! Grinder hits you.
You writhe in agony.
You can move again.
You see here a hobgoblin corpse.
Unknown command.
Unknown command.
Grinder gestures at you. Pain shoots through your body!
Your tentacle spike disappears.
Grinder says, "Tell me all your secrets, or I'll kill you."
Grinder gestures at you. Pain shoots through your body!
* * * LOW HITPOINT WARNING * * *
Grinder gestures at you. You resist with significant effort.
Unknown command.
Grinder gestures at you.
You suddenly lose the ability to move!
Grinder gestures at you. You resist with significant effort.
Grinder gestures at you. Pain shoots through your body!
You die...

#.# ## #<#
#.###.... #)#
......... #.#
#.####### #.#
....# ######.#
..#.#
##########......#
..#.#
#....÷.....######
#.#.#
#.#######..#
#[#.#
#.#.....#.@#
#.#.#
#.#...#.#..#
..#.#
#.#........#
..#†#
#....##.#.##
..#.# #.......#.#
#.###(#.#####5#
#.......5.....#
###############


You could see Grinder.

Vanquished Creatures
  An ogre (D:4)
  A scorpion (D:2)
  A gnoll (D:3)
  6 adders
  A worm (D:2)
  A dart slug (D:3)
  6 ball pythons
  6 endoplasms (D:2)
  A giant cockroach (D:3)
  5 goblins
  3 hobgoblins
  2 quokkas (D:3)
  2 bats
  A frilled lizard (D:3)
  7 kobolds
  4 rats
48 creatures vanquished.

Vanquished Creatures (others)
  A plant (D:3)
1 creature vanquished.

Grand Total: 49 creatures vanquished

Notes
Turn   | Place    | Note
-------+----------+-------------------------------------------
     0 | D:1      | Zeld the Octopode Transmuter began the quest for the Orb.
     0 | D:1      | Reached XP level 1. HP: 13/13 MP: 3/3
   198 | D:1      | Found Nipoam's Weapon Shop.
   837 | D:1      | Reached XP level 2. HP: 14/18 MP: 3/5
   845 | D:1      | Learned a level 2 spell: Wereblood
  1171 | D:2      | Noticed a scorpion
  1191 | D:2      | Killed a scorpion
  1192 | D:2      | Reached skill level 1 in Stealth
  1192 | D:2      | Reached skill level 1 in Ice Magic
  1192 | D:2      | Reached skill level 1 in Poison Magic
  1192 | D:2      | Reached XP level 3. HP: 7/23 MP: 2/7
  1192 | D:2      | Reached XP level 4. HP: 8/28 MP: 2/8
  1381 | D:2      | Learned a level 3 spell: Spider Form
  2149 | D:2      | Found a faded altar of an unknown god.
  2157 | D:2      | Reached XP level 5. HP: 28/33 MP: 9/9
  2169 | D:2      | Learned a level 4 spell: Ice Form
  2377 | D:2      | Identified the +1 ring mail of Moqe {Drain Will+ rCorr
                  | Str+2}
  3435 | D:3      | Found a runed translucent door.
  3436 | D:3      | Noticed Crazy Yiuf
  3584 | D:3      | Found a blossoming altar of Fedhas.
  3602 | D:3      | Noticed an oklob plant
  3820 | D:4      | Noticed an ogre
  4058 | D:4      | Killed an ogre
  4059 | D:4      | Reached XP level 6. HP: 38/38 MP: 6/11
  4144 | D:4      | Noticed Grinder
  4188 | D:4      | Paralysed by Grinder for 6 turns
  4212 | D:4      | Paralysed by Grinder for 4 turns
  4214 | D:4      | Killed from afar by Grinder

Illustrated notes

Levels and vault maps discovered:
D:1:      eino_arrival_water_cross, layout_basic, serial_shops,
          nicolae_shop_statue_plus
D:2:      layout_loops_ring, hellmonk_ecumenical_altar_arch_garden
D:3:      layout_loops_ring, tgw_fedhas, minmay_circle_x,
          uniq_crazy_yiuf_cottage
D:4:      kennysheep_spiral_hall, layout_basic, mainiacjoe_overflow_swirl,
          st_stairs_2, uniq_grinder

Skill      XL: |  1  2  3  4  5 |
---------------+----------------+-----
Stealth        | 1 2 |  2.6
Ice Magic      | 1 2 |  2.0
Poison Magic   | 1 2 |  2.5
Transmutations | 3 |  3.6
Spellcasting   | 3 |  3.4
Fighting       | |  1.0
Dodging        | |  2.0
Unarmed Combat | |  3.0

Action                   |  1- 3 |  4- 6 || total
-------------------------+-------+-------++-------
Melee: Unarmed           |    26 |    84 ||   110
       Constrict         |     4 |    22 ||    26
       Tentacles         |     3 |    25 ||    28
       Kick              |     4 |    21 ||    25
       Punch             |       |     3 ||     3
 Cast: Beastly Appendage |    10 |    27 ||    37
       Spider Form       |       |     1 ||     1
 Stab: Sleeping          |     2 |    13 ||    15
Armor: Skin              |     3 |     4 ||     7
Dodge: Dodged            |     8 |    40 ||    48
